 Dungeon Crawl Stone Soup version 0.28-a0-1404-g4df0f3684d (webtiles) character file.

Game seed: 15590948342099583171

1 eustatius the Shield-Bearer (level 1, 0/20 HPs)
             Began as a Gnoll Wanderer on Jan 5, 2022.
             Slain by a jackal (2 damage)
             ... on level 1 of the Dungeon.
             The game lasted 00:00:34 (27 turns).

eustatius the Shield-Bearer (Gnoll Wanderer)          Turns: 27, Time: 00:00:34

Health: 0/20       AC:  3    Str: 10    XL:     1   Next: 20%
Magic:  1/1        EV: 13    Int: 10    God:
Gold:   0          SH:  7    Dex: 13    Spells: 0/0 levels left

rFire   . . .      SeeInvis .   a - +0 mace
rCold   . . .      Faith    .   b - +2 buckler
rNeg    . . .      Spirit   .   d - +0 robe
rPois   .          Reflect  .   (no helmet)
rElec   .          Harm     .   (no cloak)
rCorr   .          Rampage  .   c - +0 pair of gloves
Will    .....                   (no boots)
Stlth   +.........              (no amulet)
HPRegen 0.06/turn               (no ring)
MPRegen 0.07/turn               (no ring)

@: no status effects
A: fangs 1, strong nose, distributed training
a: no special abilities


You were on level 1 of the Dungeon.
You visited 1 branch of the dungeon, and saw 1 of its levels.

Inventory:

Hand Weapons
 a - a +0 mace (weapon)
Armour
 b - a +2 buckler (worn)
 c - a +0 pair of gloves (worn)
 d - a +0 robe (worn)
Potions
 e - a potion of lignification {unknown}
 f - 2 potions of might {unknown}


   Skills:
 + Level 4.4 Fighting
 + Level 0.0 Short Blades
 + Level 0.0 Long Blades
 + Level 0.0 Axes
 + Level 2.3 Maces & Flails
 + Level 0.0 Polearms
 + Level 0.0 Staves
 + Level 0.0 Slings
 + Level 0.0 Bows
 + Level 0.0 Crossbows
 + Level 0.0 Throwing
 + Level 4.4 Armour
 + Level 4.4 Dodging
 + Level 0.0 Stealth
 + Level 6.4 Shields
 + Level 0.0 Unarmed Combat
 + Level 0.0 Spellcasting
 + Level 0.0 Conjurations
 + Level 0.0 Hexes
 + Level 0.0 Summonings
 + Level 0.0 Necromancy
 + Level 0.0 Translocations
 + Level 0.0 Transmutations
 + Level 0.0 Fire Magic
 + Level 0.0 Ice Magic
 + Level 0.0 Air Magic
 + Level 0.0 Earth Magic
 + Level 0.0 Poison Magic
 + Level 0.0 Invocations
 + Level 0.0 Evocations


You couldn't memorise any spells.
You didn't know any spells.
Your spell library was empty.

Dungeon Overview and Level Annotations

Branches:
Dungeon (1/15)

Altars:


Innate Abilities, Weirdness & Mutations

You have very sharp teeth.
Your uncanny sense of smell can sniff out nearby items.
Your experience applies equally to all skills.


Message History

The jackal bites you. You block the ball python's attack.
The ball python constricts you.
The jackal bites you but does no damage.
You closely miss the ball python. You block the ball python's attack.
The ball python constricts you. The jackal bites you.
The ball python bites you but does no damage.
The ball python constricts you. You block the jackal's attack.
You closely miss the ball python. The jackal barely misses you.
You block the ball python's attack. The ball python constricts you.
* * * LOW HITPOINT WARNING * * *
The jackal misses you. You block the ball python's attack.
The ball python constricts you.
You hit the ball python.
The ball python is moderately wounded.
The jackal bites you.
* * * LOW HITPOINT WARNING * * *
A jackal comes into view.
The ball python bites you.
* * * LOW HITPOINT WARNING * * *
The ball python constricts you. You block the jackal's attack.
The jackal barks!
You hit the ball python.
The ball python is severely wounded.
You block the ball python's attack. The ball python constricts you.
A hobgoblin comes into view.
The jackal closely misses you.
The ball python bites you but does no damage.
The ball python constricts you.
Unknown command.
You closely miss the ball python.
The ball python is severely wounded.
The hobgoblin shouts!
The jackal closely misses you. The ball python barely misses you.
The ball python constricts you.
* * * LOW HITPOINT WARNING * * *
The jackal bites you but does no damage.
You sock the ball python!
You kill the ball python!
The jackal bites you.
You die...

......#....# .#
...##.##.# #.#
######.##....#####..#. #
......g...............
#.#####...P#≈#P.....P#
.....##.hP##≈##P...P##≈#
=.........≈≈≈≈≈..<..≈≈≈≈
......#.hP##≈##P...P##≈#
......†@..P#≈#P.....P#
......##...............
#####. #########.#..##..
. #.#.>. . ## #.##... #.
###.


You could see 2 jackals and a hobgoblin.

Vanquished Creatures
  A jackal (D:1)
  A ball python (D:1)
2 creatures vanquished.

Notes
Turn   | Place    | Note
-------+----------+-------------------------------------------
     0 | D:1      | eustatius the Gnoll Wanderer began the quest for the Orb.
     0 | D:1      | eustatius set off with the following items: a +0 mace, a +2
                  | buckler, a +0 pair of gloves, a +0 robe
     0 | D:1      | Reached XP level 1. HP: 20/20 MP: 1/1
    27 | D:1      | Slain by a jackal

Illustrated notes

Levels and vault maps discovered:
D:1:      eino_arrival_water_cross, layout_loops_cross,
          chequers_ecumenical_altar_island

Action                   || total
-------------------------++-------
Melee: Mace              ||    11
Armor: Robe              ||     4
Dodge: Dodged            ||    13
Block: Buckler           ||     9

Table legend: (Time is in decaauts)
 A = Elapsed time spent in this place.
 B = Non-inter-level travel time spent in this place.
 C = Inter-level travel time spent in this place.
 D = Time resting spent in this place.
 E = Time spent auto-exploring this place.
 F = Levels seen in this place.
 G = Mean time per level.
                   A        B        C        D        E       F      G
               +--------+--------+--------+--------+--------+-----+--------+
         Total |     30 |     20 |     10 |      0 |      0 |   1 |   30.0 |
       Dungeon |     30 |     20 |     10 |      0 |      0 |   1 |   30.0 |
               +--------+--------+--------+--------+--------+-----+--------+

Top non-repeatable levels by time:
     D:1: 30 daAuts
